Map: Orbital Shipyard

Players

Javert

  • Race: Zerg Zerg
  • League: Grandmaster

Solar - Winner!

  • Race: Protoss Protoss
  • League: Silver

VOD

Have the link to the VOD?

Description

Time

  • Played on: Sept. 24, 2015, 12:41 a.m.
  • Length: 13:07
Show
View Real Time Build Order
Export as new Build Order

Javert Zerg 

Build Orders: Hatch First 

Get SALT Encoding   

  12  0:01  Drone  
  13  0:14  Overlord  
  13  0:23  Drone  
  14  0:33  Drone x2  
  16  0:37  Drone  
  17  1:00  Hatchery  
  17  1:01  Drone  
  17  1:03  Extractor  
  16  1:08  Drone  
  17  1:11  Drone  
  17  1:23  Spawning Pool  
  17  1:24  Drone  
  17  1:35  Drone  
  18  1:42  Drone  
  19  1:56  Drone  
  20  2:05  Overlord  
  20  2:11  Queen  
  20  2:14  Queen  
  24  2:16  Zergling x4  
  26  2:25  Drone  
  26  2:26  Drone  
  28  2:35  Metabolic Boost  
  28  2:56  Drone x3  
  28  2:57  Drone x3  
  34  3:07  Hatchery  
  33  3:13  Roach Warren  
  32  3:20  Overlord  
  32  3:26  Drone x4  
  36  3:30  Overlord  
  36  3:39  Drone x5  
  41  3:52  Overlord x2  
  41  3:59  Queen  
  43  4:04  Lair  
  43  4:05  Drone  
  43  4:06  Drone x2, Extractor  
  43  4:07  Extractor  
  44  4:14  Evolution Chamber  
  44  4:15  Drone x4  
  47  4:24  Queen  
  47  4:31  Roach x3  
  51  4:32  Roach  
  56  4:43  Roach x5  
  59  5:13  Drone x6  
  65  5:16  Glial Reconstitution  
  65  5:27  Overlord x3  
  65  5:43  Hydralisk Den  
  65  5:44  Spine Crawler  
  65  5:46  Drone  
  65  5:47  Spore Crawler, Drone x11  
  74  5:51  Overlord  
  74  5:56  Burrow  
  74  6:00  Overlord  
  74  6:02  Extractor  
  74  6:03  Extractor  
  72  6:08  Drone x7  
  72  6:09  Drone  
  78  6:18  Spore Crawler  
  78  6:19  Spore Crawler  
  78  6:21  Spore Crawler  
  78  6:23  Hydralisk x2  
  78  6:24  Hydralisk  
  79  6:34  Spore Crawler  
  79  6:35  Zerg Missile Weapons Level 1  
  79  6:37  Drone  
  79  6:38  Drone x6  
  79  6:39  Drone  
  86  6:47  Overlord x3  
  86  6:58  Muscular Augments  
  86  6:59  Extractor  
  85  7:03  Overseer  
  85  7:09  Hydralisk x3  
  85  7:12  Drone  
  85  7:13  Drone x6  
  98  7:24  Drone x8  
  106  7:31  Hydralisk x3  
  112  7:38  Hatchery, Overlord x2, Extractor x2  
  109  7:49  Spore Crawler  
  109  7:50  Overlord x5  
  108  7:57  Overlord x2  
  108  7:59  Pneumatized Carapace  
  108  8:05  Infestation Pit  
  107  8:09  Hydralisk x5  
  117  8:14  Lurker Den  
  117  8:21  Queen  
  117  8:24  Roach x7  
  133  8:30  Overlord  
  133  8:34  Overlord  
  133  8:37  Zergling x12  
  139  8:45  Overlord  
  133  9:00  Hydralisk x10  
  141  9:05  Hive  
  133  9:30  Hydralisk x6  
  129  9:34  Hydralisk x10  
  129  9:35  Roach x5  
  145  9:42  Overlord  
  125  10:03  Hydralisk x7  
  125  10:04  Hydralisk  
  131  10:09  Overlord x2  
  131  10:16  Evolution Chamber  
  131  10:18  Evolution Chamber  
  129  10:24  Spore Crawler  
  129  10:28  Roach x4  
  134  10:29  Roach  
  134  10:33  Viper  
  134  10:34  Viper  
  144  10:38  Zergling x2  
  144  10:39  Zergling x14  
  152  10:44  Zerg Missile Weapons Level 2  
  152  10:50  Zerg Ground Armor Level 1  
  88  11:40  Hydralisk x12  
  88  11:41  Hydralisk x5  
  110  11:56  Zergling x8  
  112  12:17  Spire  
  106  12:42  Hydralisk x2  
  106  12:43  Hydralisk x9  
Show
View Real Time Build Order
Export as new Build Order

Solar Protoss - Winner!

Build Orders: 1 Gate Expand 

Get SALT Encoding   

  12  0:01  Probe (Chrono Boost)  
  13  0:11  Probe (Chrono Boost)  
  14  0:18  Pylon  
  14  0:21  Probe (Chrono Boost)  
  15  0:35  Probe (Chrono Boost)  
  15  0:41  Gateway  
  16  0:45  Probe (Chrono Boost)  
  17  0:55  Probe (Chrono Boost)  
  18  1:05  Probe (Chrono Boost)  
  19  1:15  Probe (Chrono Boost)  
  20  1:23  Nexus  
  20  1:25  Probe (Chrono Boost)  
  21  1:32  Assimilator  
  21  1:38  Probe (Chrono Boost)  
  22  1:40  Pylon  
  22  1:48  Probe (Chrono Boost)  
  22  1:49  Cybernetics Core  
  23  1:58  Probe (Chrono Boost)  
  24  2:09  Probe (Chrono Boost)  
  24  2:11  Gateway  
  25  2:19  Probe (Chrono Boost)  
  25  2:21  Warp Gate (Chrono Boost)  
  26  2:25  Adept  
  26  2:29  Assimilator  
  28  2:30  Probe  
  29  2:43  Probe  
  29  2:44  Probe  
  31  2:55  Probe  
  31  2:56  Probe  
  31  2:57  Gateway  
  33  3:01  Adept  
  35  3:12  Probe, Adept  
  37  3:18  Mothership Core  
  40  3:20  Pylon  
  40  3:24  Probe  
  41  3:29  Assimilator  
  41  3:33  Assimilator  
  41  3:34  Probe  
  41  3:39  Stargate  
  41  3:40  Probe  
  43  3:43  Probe  
  43  3:45  Pylon  
  44  3:48  Pylon  
  44  3:52  Probe  
  44  3:53  Probe  
  46  4:04  Probe (Chrono Boost)  
  46  4:05  Probe (Chrono Boost)  
  48  4:14  Probe (Chrono Boost)  
  48  4:15  Adept x3  
  55  4:21  Probe (Chrono Boost)  
  55  4:23  Phoenix (Chrono Boost)  
  56  4:24  Probe (Chrono Boost)  
  59  4:37  Pylon  
  59  4:38  Probe  
  59  4:40  Probe  
  59  4:44  Phoenix (Chrono Boost)  
  63  4:58  Zealot  
  65  5:04  Phoenix (Chrono Boost)  
  61  5:18  Probe, Adept x3  
  61  5:20  Probe  
  69  5:25  Phoenix (Chrono Boost)  
  71  5:29  Probe  
  71  5:32  Probe  
  71  5:33  Stargate  
  73  5:44  Probe  
  73  5:45  Phoenix (Chrono Boost)  
  73  5:46  Probe  
  77  5:55  Pylon  
  77  5:56  Pylon  
  77  6:18  Void Ray (Chrono Boost), Robotics Facility  
  77  6:22  Sentry, Zealot x2  
  91  6:26  Void Ray (Chrono Boost)  
  91  6:27  Probe  
  91  6:29  Probe  
  93  6:38  Probe, Nexus  
  93  6:39  Pylon  
  93  6:42  Pylon  
  93  6:45  Pylon  
  94  6:52  Pylon  
  94  6:54  Fleet Beacon  
  94  6:55  Probe  
  94  6:57  Probe  
  94  6:58  Pylon  
  96  7:07  Forge  
  96  7:08  Gateway  
  96  7:09  Probe  
  96  7:11  Gateway  
  96  7:12  Void Ray (Chrono Boost)  
  96  7:13  Gateway  
  105  7:17  Probe  
  105  7:20  Void Ray (Chrono Boost)  
  105  7:21  Probe  
  107  7:26  Observer  
  108  7:34  Carrier (Chrono Boost)  
  108  7:38  Assimilator  
  108  7:40  Adept x2  
  108  7:41  Adept  
  108  7:44  Assimilator  
  114  7:45  Protoss Ground Weapons Level 1 (Chrono Boost), Carrier (Chrono Boost)  
  114  7:50  Photon Cannon  
  114  8:03  Graviton Catapult (Chrono Boost)  
  126  8:34  Stargate  
  126  8:39  Pylon  
  126  8:40  Observer, Pylon  
  127  8:44  Probe x2  
  127  8:45  Probe, Carrier x2 (Chrono Boost)  
  130  8:53  Adept  
  130  8:54  Adept x4  
  132  9:02  Stalker  
  136  9:15  Stalker x2  
  136  9:16  Zealot x3  
  138  9:23  Carrier (Chrono Boost)  
  134  9:30  Observer (Chrono Boost)  
  135  9:47  Observer  
  136  9:59  Carrier (Chrono Boost)  
  134  10:01  Zealot x6  
  134  10:05  Twilight Council  
  134  10:06  Probe x3  
  149  10:18  Carrier (Chrono Boost)  
  155  10:24  Protoss Shields Level 1  
  155  10:26  Protoss Air Weapons Level 1  
  155  10:27  Warp Prism  
  163  10:53  Probe x2  
  165  10:57  Pylon  
  165  10:59  Pylon  
  165  11:05  Probe  
  162  11:14  Zealot x3  
  162  11:15  Zealot  
  164  11:22  Carrier x2 (Chrono Boost)  
  140  11:35  Stalker x5  
  155  12:50  Stalker x2  
  155  12:51  Stalker x2  
Tags
 
Add a new tag
Caveats
  • Supply blocks, unpowered buildings, or Contaminate may cause inaccurate times.
  • Supply counts are checked every 10 seconds.